 Dungeon Crawl Stone Soup version 0.29.0-4-gdea44cf6ec (webtiles) character file.

Game seed: 18108342692763950611

451 qw the Chopper (level 7, -1/52 HPs)
             Began as a Formicid Cinder Acolyte on Sept 3, 2022.
             Was a Priest of Ignis.
             Slain by Edmund
             ... wielding a +0 dire flail of holy wrath
              (7 damage)
             ... on level 4 of the Dungeon.
             The game lasted 00:02:11 (4771 turns).

qw the Chopper (Formicid Cinder Acolyte)            Turns: 4771, Time: 00:02:12

Health: -1/52      AC: 12    Str: 20    XL:     7   Next: 25%
Magic:  8/8        EV: 13    Int: 14    God:    Ignis [***...]
Gold:   174        SH:  8    Dex:  9    Spells: 8/8 levels left

rFire   + . .      SeeInvis +   m - +0 war axe
rCold   . . .      Faith    .   a - +0 kite shield
rNeg    . . .      Spirit   .   f - +0 ring mail
rPois   .          Reflect  .   (helmet unavailable)
rElec   .          Harm     .   (no cloak)
rCorr   .          Rampage  .   (no gloves)
Will    .....                   (no boots)
Stlth   ..........              (no amulet)
HPRegen 0.17/turn               h - +4 ring of evasion
MPRegen 0.11/turn               (no ring)

@: fiery-armoured
A: permanent stasis, dig shafts and tunnels, antennae 3, four strong arms
a: Dig, Shaft Self, Renounce Religion, Fiery Armour, Foxfire Swarm, Rising Flame


You were on level 4 of the Dungeon.
You worshipped Ignis.
Ignis was most pleased with you.
You visited 1 branch of the dungeon, and saw 4 of its levels.

You collected 174 gold pieces.


Innate Abilities, Weirdness & Mutations

You cannot be hasted, slowed, berserked, paralysed or teleported.
You can dig through walls and to a lower floor.
You have a pair of large antennae on your head. (SInv)
Your four strong arms can wield two-handed weapons with a shield.


   Skills:
 - Level 3.2 Fighting
 + Level 5.6 Axes
 - Level 2.1 Armour
 - Level 1.0 Dodging
 - Level 5.5 Shields
 - Level 1.1 Spellcasting
 - Level 3.0 Fire Magic


You had 8 spell levels left.
You didn't know any spells.
Your spell library contained the following spells:

 Spells                   Type           Power      Damage    Failure   Level
 Scorch                   Fire           18%        2d5       38%         2

Inventory:

Hand Weapons
 m - a +0 war axe (weapon)
 Y - a -1 hand axe of flaming
Armour
 a - a +0 kite shield (worn)
 c - a +0 scale mail
 f - a +0 ring mail (worn)
 k - a +0 chain mail
Jewellery
 h - a +4 ring of evasion (left hand)
Scrolls
 b - a scroll of teleportation
 e - 3 scrolls of identify
 l - a scroll of brand weapon {unknown}
Potions
 d - a potion of resistance
 g - a potion of haste
 i - a potion of ambrosia {unknown}
 j - a potion of curing

Dungeon Overview and Level Annotations

Branches:
Dungeon (4/15)
 Temple: D:4-7

Altars:

Shops:
D:1 [[(

Annotations:
D:4 Edmund


Message History

You hit Edmund but do no damage.
Edmund hits you with a +0 dire flail of holy wrath!
You block Edmund's attack.
You hit Edmund but do no damage. Edmund closely misses you.
You barely miss Edmund.
Edmund clears his throat.
Edmund drinks a potion.
Edmund seems to speed up.
You hit Edmund.
Edmund is lightly wounded.
Edmund hits you with a +0 dire flail of holy wrath!
You block Edmund's attack.
Edmund hits you with a +0 dire flail of holy wrath!
4767 ||| INVOKING Fiery Armour.
A protective cloak of flame settles atop you.
Edmund hits you with a +0 dire flail of holy wrath.
Edmund is burned by your cloak of flames.
Edmund is lightly wounded.
You slash Edmund!
Edmund is moderately wounded.
Edmund hits you but does no damage.
Edmund is burned by your cloak of flames.
Edmund is moderately wounded.
Edmund hits you with a +0 dire flail of holy wrath!
Edmund is burned by your cloak of flames.
Edmund is heavily wounded.
You hit Edmund but do no damage.
Edmund is heavily wounded.
Edmund hits you but does no damage.
Edmund is burned by your cloak of flames.
Edmund is heavily wounded.
You block Edmund's attack.
You slash Edmund!
Edmund is heavily wounded.
You block Edmund's attack.
Edmund hits you with a +0 dire flail of holy wrath.
You hit Edmund.
Edmund is severely wounded.
Edmund hits you with a +0 dire flail of holy wrath!
You die...

##..... ....... .......
.............#.....
.............#.....
..................
#+##########@...............
...........@................
............................
............................
#####+####...............%..
........#..............)...
....>...#.............))...
........###%...............
...........................
{...........................


You could see Edmund (fast).

Vanquished Creatures
  Duvessa (D:4)
  A centaur (D:3)
  Dowan (D:4)
  An iguana (D:4)
  Natasha (thrice) (D:2)
  3 adders
  An ufetubus (D:4)
  4 worms
  A dart slug (D:3)
  2 orcs
  6 ball pythons
  5 bats
  5 endoplasms
  2 giant cockroaches (D:1)
  11 goblins
  7 hobgoblins
  7 kobolds
  4 quokkas
  8 frilled lizards
  2 rats
  A spectral kobold (D:1)
76 creatures vanquished.

Notes
Turn   | Place    | Note
-------+----------+-------------------------------------------
     0 | D:1      | qw the Formicid Cinder Acolyte began the quest for the Orb.
     0 | D:1      | Reached XP level 1. HP: 18/18 MP: 2/2
     0 | D:1      | 0 ||| qw: Version: 0.1-a-102-g441f92d
     0 | D:1      | 0 ||| qw: Game counter: 5066
     0 | D:1      | 0 ||| qw: Always use a shield: true
     0 | D:1      | 0 ||| qw: God list: Okawaru
     0 | D:1      | 0 ||| qw: Allow faded altars: false
     0 | D:1      | 0 ||| qw: Do Orc after D:15 true
     0 | D:1      | 0 ||| qw: Do second Lair branch before Depths: true
     0 | D:1      | 0 ||| qw: Lair rune preference: random
     0 | D:1      | 0 ||| qw: Plans: Normal
     0 | D:1      | 0 ||| PLANNING D:1-11
    30 | D:1      | 30 ||| INVOKING Fiery Armour.
   280 | D:1      | 280 ||| Stepping ~*~*~tactically~*~*~ (stealth).
   283 | D:1      | 283 ||| Stepping ~*~*~tactically~*~*~ (stealth).
   285 | D:1      | 285 ||| Stepping ~*~*~tactically~*~*~ (stealth).
   293 | D:1      | 293 ||| INVOKING Fiery Armour.
   495 | D:1      | Reached XP level 2. HP: 24/24 MP: 3/3
   599 | D:1      | 599 ||| INVOKING Fiery Armour.
   996 | D:1      | Found Tadwon's Antique Armour Emporium.
  1002 | D:1      | 1002 ||| SHOPLISTING glowing scale mail (182 gold, have 4).
  1002 | D:1      | 1002 ||| SHOPLISTING heavily runed leather armour (182
                  | gold, have 4).
  1002 | D:1      | 1002 ||| SHOPLISTING leather armour (52 gold, have 4).
  1002 | D:1      | 1002 ||| SHOPLISTING pair of gloves (117 gold, have 4).
  1002 | D:1      | 1002 ||| SHOPLISTING scale mail (104 gold, have 4).
  1013 | D:1      | Found Reurhul's Antique Weapon Shop.
  1022 | D:1      | 1022 ||| SHOPLISTING war axe (108 gold, have 4).
  1105 | D:1      | Found Xegimmet's Antique Armour Boutique.
  1254 | D:1      | 1254 ||| SHOPLISTING bloodstained scale mail (207 gold,
                  | have 9).
  1254 | D:1      | 1254 ||| SHOPLISTING bronze leather armour (161 gold, have
                  | 9).
  1254 | D:1      | 1254 ||| SHOPLISTING glowing chain mail (172 gold, have 9).
  1254 | D:1      | 1254 ||| SHOPLISTING leather armour (46 gold, have 9).
  1254 | D:1      | 1254 ||| SHOPLISTING pair of boots (103 gold, have 9).
  1254 | D:1      | 1254 ||| SHOPLISTING polished ring mail (207 gold, have 9).
  1280 | D:1      | Reached XP level 3. HP: 18/29 MP: 4/4
  1541 | D:1      | Found a faded altar of an unknown god.
  1786 | D:1      | 1786 ||| UPGRADING to +0 ring mail.
  1796 | D:1      | 1796 ||| DROPPING +0 robe.
  1797 | D:1      | 1797 ||| READING scroll labelled WUORGH SODWIRA.
  1798 | D:1      | 1798 ||| READING scroll labelled IPSIYZILEIM.
  1799 | D:1      | 1799 ||| DRINKING 2 fizzy black potions.
  1971 | D:2      | Noticed Natasha
  1978 | D:2      | Killed Natasha
  1979 | D:2      | Reached XP level 4. HP: 33/35 MP: 5/5
  2001 | D:2      | Noticed Natasha
  2002 | D:2      | 2002 ||| Stepping ~*~*~tactically~*~*~ (stealth).
  2004 | D:2      | 2004 ||| Stepping ~*~*~tactically~*~*~ (hiding).
  2009 | D:2      | 2009 ||| INVOKING Fiery Armour.
  2013 | D:2      | HP: 8/35 [Natasha (8)]
  2016 | D:2      | Killed Natasha
  2363 | D:2      | 2363 ||| Stepping ~*~*~tactically~*~*~ (stealth).
  2368 | D:2      | 2368 ||| Stepping ~*~*~tactically~*~*~ (stealth).
  2592 | D:2      | Noticed Natasha
  2593 | D:2      | 2593 ||| Stepping ~*~*~tactically~*~*~ (stealth).
  2597 | D:2      | 2597 ||| Stepping ~*~*~tactically~*~*~ (hiding).
  2602 | D:2      | Killed Natasha
  2603 | D:2      | Reached XP level 5. HP: 31/41 MP: 6/6
  2913 | D:2      | 2913 ||| FLEEEEING.
  2915 | D:2      | 2915 ||| FLEEEEING.
  2916 | D:2      | 2916 ||| FLEEEEING.
  2923 | D:2      | Reached skill level 1 in Dodging
  3093 | D:2      | 3093 ||| UPGRADING to +0 kite shield.
  3098 | D:2      | 3098 ||| UPGRADING to +4 ring of evasion.
  3099 | D:2      | 3099 ||| READING 2 scrolls labelled DELOKI UN BIR.
  3100 | D:2      | 3100 ||| READING 3 scrolls of identify.
  3100 | D:2      | 3100 ||| IDENTIFYING viscous sapphire potion
  3101 | D:2      | 3101 ||| READING 2 scrolls of identify.
  3101 | D:2      | 3101 ||| IDENTIFYING bubbling cyan potion
  3102 | D:2      | 3102 ||| DROPPING potion of magic.
  3145 | D:3      | 3145 ||| STAIRDANCE
  3164 | D:3      | 3164 ||| STAIRDANCE
  3209 | D:3      | 3209 ||| STAIRDANCE
  3228 | D:3      | 3228 ||| STAIRDANCE
  3256 | D:3      | Reached skill level 1 in Shields
  3575 | D:3      | Noticed a centaur
  3576 | D:3      | 3576 ||| Stepping ~*~*~tactically~*~*~ (hiding).
  3588 | D:3      | 3588 ||| INVOKING Fiery Armour.
  3589 | D:3      | Killed a centaur
  3590 | D:3      | Reached XP level 6. HP: 17/47 MP: 7/7
  3794 | D:3      | Identified the +7 short sword "Roesolah" {vorpal, rN+}
  4023 | D:3      | 4023 ||| DROPPING ring of wizardry.
  4024 | D:3      | 4024 ||| READING scroll labelled DANIHU SUAQYPA.
  4025 | D:3      | 4025 ||| READING scroll labelled EHUP LYIXEAC.
  4026 | D:3      | 4026 ||| READING scroll labelled UVEXKO LIMMIT.
  4027 | D:3      | 4027 ||| READING 2 scrolls of identify.
  4027 | D:3      | 4027 ||| IDENTIFYING viscous ruby potion
  4069 | D:4      | Noticed Duvessa
  4074 | D:4      | Noticed Dowan
  4075 | D:4      | 4075 ||| Stepping ~*~*~tactically~*~*~ (stealth).
  4088 | D:4      | 4088 ||| INVOKING Fiery Armour.
  4091 | D:4      | HP: 9/47 [Duvessa/+2 rapier of holy wrath (3)]
  4092 | D:4      | 4092 ||| DRINKING potion of heal wounds.
  4107 | D:4      | Killed Duvessa
  4109 | D:4      | 4109 ||| Stepping ~*~*~tactically~*~*~ (stealth).
  4129 | D:4      | Killed Dowan
  4130 | D:4      | Reached XP level 7. HP: 21/49 MP: 8/8
  4196 | D:4      | 4196 ||| Stepping ~*~*~tactically~*~*~ (stealth).
  4202 | D:4      | 4202 ||| Stepping ~*~*~tactically~*~*~ (stealth).
  4756 | D:4      | Noticed Edmund
  4757 | D:4      | 4757 ||| SWAPPING to +0 war axe.
  4767 | D:4      | 4767 ||| INVOKING Fiery Armour.
  4768 | D:4      | HP: 7/52 [Edmund/+0 dire flail of holy wrath (9)]
  4771 | D:4      | Slain by Edmund

Levels and vault maps discovered:
D:1:      roderic_chinese_lattice_arrival, layout_loops_corners, serial_shops,
          shop, nicolae_shop_competitors_out_of_business,
          nicolae_shop_hallway_plus, dreamdust_ecumenical_altar_drowned_temple,
          minmay_surrounded
D:2:      layout_loops_cross, amcnicky_mini_rare_corridor_liquid, uniq_natasha
D:3:      layout_basic, hangedman_decor_growths
D:4:      layout_gridville, hangedman_abyss_or_decor_slice, minivault_4,
          wad_floor_pattern_1, uniq_edmund, uniq_robin, uniq_duvessa

Skill      XL: |  1  2  3  4  5  6 |
---------------+-------------------+-----
Axes           | 4 5 |  5.6
Armour         | 2 |  2.1
Dodging        | 1 |  1.0
Shields        | 4 5 |  5.5
Fighting       | |  3.2
Spellcasting   | |  1.1
Fire Magic     | |  3.0

Action                   |  1- 3 |  4- 6 |  7- 9 || total
-------------------------+-------+-------+-------++-------
Melee: Hand axe          |    91 |   152 |    49 ||   292
       Punch             |       |     1 |       ||     1
       War axe           |       |       |     8 ||     8
Invok: Fiery Armour      |     3 |     3 |     1 ||     7
  Use: Scroll            |     2 |     7 |       ||     9
       Potion            |     1 |     1 |       ||     2
 Stab: Distracted        |       |       |     1 ||     1
Armor: Robe              |    11 |       |       ||    11
       Ring mail         |     3 |    43 |     9 ||    55
Dodge: Dodged            |    44 |    75 |    25 ||   144
Block: Kite shield       |       |    34 |    25 ||    59

Table legend:
 A = Non-vault XP
 B = Vault XP
 C = Vault XP percentage of total XP
 D = Non-vault monster count
 E = Vault monster count
 F = Vault count percentage of total count
                 A         B        C        D         E       F
            +---------+---------+-------+---------+---------+-------
      Total |     392 |     253 |  39.2 |      70 |       6 |   7.9
            +---------+---------+-------+---------+---------+-------
        D:1 |      30 |       5 |  14.3 |      17 |       3 |  15.0
        D:2 |     137 |      33 |  19.4 |      29 |       1 |   3.3
        D:3 |     154 |       0 |   0.0 |      13 |       0 |   0.0
        D:4 |      71 |     215 |  75.2 |      11 |       2 |  15.4
            +---------+---------+-------+---------+---------+-------
